 Dungeon Crawl Stone Soup version 0.30.1 (webtiles) character file.

Game seed: 11870647584798768612

235 Peloso the Covered (level 5, -3/47 HPs)
             Began as a Minotaur Fighter on July 12, 2023.
             Shot with an arrow by a centaur (5 damage)
             ... on level 6 of the Dungeon.
             The game lasted 00:05:55 (2430 turns).

Peloso the Covered (Minotaur Fighter)               Turns: 2430, Time: 00:05:56

Health: -3/47      AC:  8    Str: 20 (21) XL:     5   Next: 76%
Magic:  4/4        EV: 10    Int:  5      God:
Gold:   175        SH:  0    Dex:  8 (11) Spells: 4/4 levels left

rFire   + . .        a - +0 long sword
rCold   . . .        (no shield)
rNeg    + . .        c - +2 ring mail of Kaek {rN+}
rPois   +            (helmet restricted)
rElec   .            (no cloak)
rCorr   .            (no gloves)
SInv    .            (no boots)
Will    .....        n - amulet of regeneration Stlth
                     (no ring)
HPRegen 1.07/turn    (no ring)
MPRegen 0.09/turn

%: no passive effects
@: no status effects
A: horns 2, retaliatory headbutt, fire resistance 1, poison resistance
a: no special abilities


You were on level 6 of the Dungeon.
You visited 1 branch of the dungeon, and saw 5 of its levels.

You collected 175 gold pieces.

Inventory:

Hand Weapons
 a - a +0 long sword (weapon)
Missiles
 g - a throwing net (quivered)
Armour
 b - a +1 scale mail
 c - the +2 ring mail of Kaek (worn) {rN+}
   (You found it on level 3 of the Dungeon)

   rN:        It protects you from negative energy.
 d - a +0 buckler
Jewellery
 n - an amulet of regeneration (around neck)
Wands
 k - a wand of roots (12)
Scrolls
 e - 3 scrolls of immolation
 f - a scroll of identify
 i - a scroll of fog {unknown}
 l - a scroll of teleportation
 p - a scroll of blinking {unknown}
 r - a scroll of enchant weapon
Potions
 h - a potion of mutation
 q - a potion of might


   Skills:
 + Level 4.6 Fighting
 + Level 4.8 Long Blades
 + Level 4.9 Armour
 + Level 1.2 Dodging
 + Level 0.4 Stealth
 + Level 4.4 Shields


You had 4 spell levels left.
You didn't know any spells.
Your spell library was empty.

Dungeon Overview and Level Annotations

Branches:
Dungeon (4/15)
 Temple: D:4-7

Altars:
Cheibriados


Innate Abilities, Weirdness & Mutations

You have a pair of horns on your head.
You reflexively headbutt those who attack you in melee.
Your flesh is heat resistant. (rF+)
Your system is resistant to poisons. (rPois)


Message History

The sleepcap barely misses you.
You hit the sleepcap but do no damage.
The sleepcap is moderately damaged.
The sleepcap releases spores at you but does no damage. x2
You hit the sleepcap but do no damage. You punch the sleepcap.
The sleepcap is moderately damaged.
The sleepcap releases spores at you.
You are engulfed in a cloud of soporific spores!
You fall asleep.
The sleepcap releases spores at you!
You wake up.
* * * LOW HITPOINT WARNING * * *
You hit the sleepcap.
The sleepcap is heavily damaged.
The sleepcap closely misses you.
Unknown command.
You hit the sleepcap but do no damage. You headbutt the sleepcap.
The sleepcap is heavily damaged.
The sleepcap releases spores at you.
* * * LOW HITPOINT WARNING * * *
You are engulfed in a cloud of soporific spores!
You are unaffected.
You hit the sleepcap.
The sleepcap is severely damaged.
The sleepcap releases spores at you but does no damage.
Unknown command.
You hit the sleepcap. You headbutt the sleepcap.
You destroy the sleepcap!
Unknown command.
An orc warrior comes into view. It is wielding a +0 war axe.
You see here an adder corpse.
Unknown command.
Found 4 stones.
A centaur comes into view.
The centaur wields a +0 shortbow.
The centaur shoots an arrow.
The arrow hits you!
* * * LOW HITPOINT WARNING * * *
The centaur shoots an arrow.
The arrow hits you!
* * * LOW HITPOINT WARNING * * *
The centaur shoots an arrow.
The arrow hits you.
You die...

#.##.≈......######
##.##.≈≈≈≈≈≈≈.....
.≈
#.###........≈≈≈≈
≈≈≈ #.#
###†####...# #...
###
#....#o.###....
####...........
###..........
#c.......(...
#...##.@.#....
...### ##........
.# ##....###
.#...# .##..# ##
#.# #.# .#


You could see an orc warrior and a centaur.

Vanquished Creatures
  2 orc priests (D:3)
  An orc wizard (D:3)
  A sleepcap (D:6)
  4 adders
  A worm (D:2)
  7 orcs (D:3)
  10 endoplasms
  4 giant cockroaches
  8 hobgoblins
  7 jackals
  3 quokkas
  6 ball pythons
  5 frilled lizards
  9 goblins
  2 kobolds (D:2)
  5 rats
75 creatures vanquished.

Notes
Turn   | Place    | Note
-------+----------+-------------------------------------------
     0 | D:1      | Peloso the Minotaur Fighter began the quest for the Orb.
     0 | D:1      | Reached XP level 1. HP: 19/19 MP: 0/0
    79 | D:1      | Reached XP level 2. HP: 23/27 MP: 1/1
   396 | D:1      | Reached XP level 3. HP: 33/33 MP: 2/2
   491 | D:1      | Gained mutation: You are vulnerable to cold. (rC-) [potion
                  | of mutation]
   492 | D:1      | Lost mutation: You are vulnerable to cold. (rC-) [potion of
                  | mutation]
   492 | D:1      | Gained mutation: Your system is resistant to poisons.
                  | (rPois) [potion of mutation]
   492 | D:1      | Gained mutation: Your flesh is heat resistant. (rF+)
                  | [potion of mutation]
   956 | D:2      | Found a faded altar of an unknown god.
  1009 | D:2      | Reached XP level 4. HP: 33/40 MP: 3/3
  1333 | D:3      | Identified the +2 ring mail of Kaek {rN+}
  2306 | D:3      | Reached skill level 1 in Dodging
  2306 | D:3      | Reached XP level 5. HP: 47/47 MP: 4/4
  2385 | D:4      | Noticed a black bear
  2386 | D:4      | You fall into a shaft and drop 2 floors!
  2386 | D:6      | Found a snail-covered altar of Cheibriados.
  2424 | D:6      | Noticed an orc warrior
  2428 | D:6      | Noticed a centaur
  2429 | D:6      | HP: 1/47 [centaur/arrow (13)]
  2430 | D:6      | Shot with an arrow by a centaur

Illustrated notes

Levels and vault maps discovered:
D:1:      spicycebolla_arrival_clurvy, layout_rooms
D:2:      layout_rooms, dreamdust_ecumenical_altar_angels_and_demons,
          minmay_tromino_v4_a
D:3:      layout_loops_corners, serial_forest, infiniplex_forest_lined_3,
          infiniplex_forest_pool, infiniplex_forest_straight_2,
          infiniplex_forest_diagonal, infiniplex_forest_clump_medium,
          infiniplex_forest_lined_2, infiniplex_forest_clump_double,
          infiniplex_forest_lined_3_way, infiniplex_forest_clump_diagonal,
          infiniplex_forest_lined_1
D:4:      layout_basic, ebering_ghost_gozag, cheibrodos_sewer_entry_sluice
D:6:      layout_layer_cave, nicolae_overflow_squiral, lemuel_round_altar,
          marbit_many_paths

Skill      XL: |  1  2  3  4 |
---------------+-------------+-----
Fighting       | 4 |  4.6
Armour         | 4 |  4.9
Shields        | 4 |  4.4
Long Blades    | 3 4 |  4.8
Dodging        | 1 |  1.2
Stealth        | |  0.4

Action                     |  1- 3 |  4- 6 || total
---------------------------+-------+-------++-------
  Melee: Long sword        |    93 |    94 ||   187
         Headbutt          |    17 |    14 ||    31
         Punch             |       |     1 ||     1
    Use: Potion            |     5 |     3 ||     8
         Scroll            |     4 |     2 ||     6
 Armour: Scale mail        |    50 |     1 ||    51
         Ring mail         |       |    47 ||    47
  Dodge: Dodged            |    52 |    57 ||   109
  Block: Buckler           |    22 |       ||    22
